AoeStats
← t0lu

Arabia

508081142Analyzed
1v1 RM · 12d ago on Sep 20, 2026· 24m 43s· 2 players
Game mode
Random Map
Map size
Tiny (2 player)
Population
200
Speed
Normal
Resources
Standard
Victory
Conquest
Starting age
Dark Age
Ending age
Imperial Age
RankedLock teamsTeams togetherTeam positionsShared explorationLock speedFull tech treeHidden civsTurbo modeCheats
Victory
Defeat
🇮🇩 Burgundians · Indonesia
959
+16
🇦🇷 Celts · Argentina
961
-16
tainankadij
11:52 Feudal Age
10:37 Double-Bit Axe
12:03 Gold Mining
11:57 Horse Collar
14:38 Fletching
17:49 Castle Age
18:12 Scale Barding Armor
18:18 Forging
20:09 Cavalier
20:51 Husbandry
t0lu
11:14 Feudal Age
11:37 Horse Collar
11:19 Man-at-Arms
15:58 Arson
17:56 Loom
18:47 Wheelbarrow
19:55 Scale Mail Armor
22:41 Castle Age
21:34 Forging
22:46 Long Swordsman
23:12 Gambesons
Connection lost

Rejoining the realm…

Still unreachable

The connection could not be restored.

Session expired

The server has moved on; the page needs a fresh start.